 Dungeon Crawl Stone Soup version 0.29-a0-668-g12ee2bf84d (webtiles) character file.

Game seed: 14392739154604296461

84 zeratav the Sneak (level 4, -1/36 HPs)
             Began as a Formicid Fighter on June 23, 2022.
             Slain by Grinder (5 damage)
             ... on level 3 of the Dungeon.
             The game lasted 00:03:31 (2630 turns).

zeratav the Sneak (Formicid Fighter)                Turns: 2630, Time: 00:03:32

Health: -1/36      AC:  9    Str: 22    XL:     4   Next: 74%
Magic:  4/4        EV:  9    Int:  8    God:
Gold:   157        SH:  5    Dex: 13    Spells: 3/3 levels left

rFire   . . .      SeeInvis +   a - +0 war axe {axe}
rCold   . . .      Faith    .   c - +0 buckler
rNeg    . . .      Spirit   .   b - +0 scale mail
rPois   .          Reflect  .   (helmet unavailable)
rElec   .          Harm     .   (no cloak)
rCorr   .          Rampage  .   o - +0 pair of gloves
Will    .....                   i - +0 pair of boots
Stlth   +.........              (no amulet)
HPRegen 0.12/turn               (no ring)
MPRegen 0.09/turn               (no ring)

@: no status effects
A: permanent stasis, dig shafts and tunnels, antennae 3, four strong arms
a: Dig, Shaft Self


You were on level 3 of the Dungeon.
You visited 1 branch of the dungeon, and saw 3 of its levels.

You collected 157 gold pieces.


Innate Abilities, Weirdness & Mutations

You cannot be hasted, slowed, berserked, paralysed or teleported.
You can dig through walls and to a lower floor.
You have a pair of large antennae on your head. (SInv)
Your four strong arms can wield two-handed weapons with a shield.


   Skills:
 + Level 3.6 Fighting
 - Level 2.0 Axes
 - Level 3.2 Armour
 - Level 5.0 Stealth
 - Level 4.0 Shields


You had 3 spell levels left.
You didn't know any spells.
Your spell library was empty.

Inventory:

Hand Weapons
 a - a +0 war axe (weapon) {axe}
Armour
 b - a +0 scale mail (worn)
 c - a +0 buckler (worn)
 i - a +0 pair of boots (worn)
   (You found it on level 1 of the Dungeon)
 o - a +0 pair of gloves (worn)
   (You found it on level 2 of the Dungeon)
Jewellery
 j - a ring of flight
   (You found it on level 1 of the Dungeon)
 n - an amulet of reflection
   (You found it on level 1 of the Dungeon)
 s - a ring of resist corrosion
   (You found it on level 2 of the Dungeon)
Wands
 q - a wand of flame (6)
   (You found it on level 2 of the Dungeon)
Scrolls
 f - 4 scrolls of magic mapping {unknown}
 g - a scroll of blinking {unknown}
 k - 2 scrolls of brand weapon {unknown}
 m - a scroll of immolation {unknown}
 u - 2 scrolls of identify {unknown}
 v - 3 scrolls of teleportation {unknown}
 w - a scroll of fog {unknown}
Potions
 d - 2 potions of might
 e - a potion of heal wounds {unknown}
 h - 2 potions of haste {unknown}
 l - a potion of flight {unknown}
 p - a potion of curing {unknown}
 r - 2 potions of invisibility {unknown}
 t - a potion of lignification {unknown}
 x - a potion of degeneration {unknown}

Dungeon Overview and Level Annotations

Branches:
Dungeon (3/15) Zot: 15293

Altars:
Hepliaklqana

Shops:
D:2 =

Annotations:
D:3 Grinder

# .. # #.# #.# ## .. #.# .#
#.# ####.#### ...#..##.#
#.# #......# .....!..$# #.#
#......# {{ #5.#####
######.####......# ##.....#
#................#
#####.####.....)..........#
#.....................#
######>@........#######
#..5.......# #..........#
#..........# ############


You could see Grinder.


Message History

HP[+1]
You now have 36 max hp (+1).
No target in view!
No target in view!
No target in view!
No target in view!
No target in view!
No target in view!
No target in view!
No target in view!
No target in view!
No target in view!
No target in view!
No target in view!
No target in view!
You see here a +0 dagger {short}.
You now have 157 gold pieces (gained 5).
Grinder comes into view.
Grinder shouts!
Grinder moves out of view.
HP[+4]
Your hp is fully restored (36).
Aiming: Throw Flame
Press: ? - help, Shift-Dir - straight line, f - Grinder
Aim: Grinder (64% to hit)
The puff of flame misses Grinder.
Grinder gestures at you. Pain shoots through your body!
HP[-11]
You take 11 damage, and now have 25/36 hp.
MASSIVE DAMAGE!! (PAUSE)
Aiming: Throw Flame
Press: ? - help, Shift-Dir - straight line, f/p - Grinder
Aim: Grinder (64% to hit)
The puff of flame misses Grinder.
Aiming: Throw Flame
Press: ? - help, Shift-Dir - straight line, f/p - Grinder
Aim: Grinder (64% to hit)
The puff of flame hits Grinder.
Grinder says, "What is the universe for?"
Aiming: Throw Flame
Press: ? - help, Shift-Dir - straight line, f/p - Grinder
Aim: Grinder (lightly wounded, 64% to hit)
The puff of flame hits Grinder.
HP[+1]
Aiming: Throw Flame
Press: ? - help, Shift-Dir - straight line, f/p - Grinder
Aim: Grinder (lightly wounded, 64% to hit)
The puff of flame hits Grinder.
Grinder says, "I used to sell toenails on the black market."
You closely miss Grinder. You block Grinder's attack. x2
You hit Grinder. Grinder closely misses you.
You hit Grinder but do no damage.
Grinder blinks!
Unknown command.
Grinder says, "Mostly I couldn't keep them alive."
Grinder blinks!
You barely miss Grinder.
Grinder says, "You look like you could use a good racking."
Grinder hits you but does no damage. Grinder gestures at you.
Your stasis prevents you from being paralysed.
HP[+1]
You hit Grinder but do no damage. Grinder completely misses you.
You barely miss Grinder. Grinder closely misses you. Grinder hits you!
You writhe in agony.
HP[-8]
You take 8 damage, and now have 19/36 hp.
MASSIVE DAMAGE!! (PAUSE)
You barely miss Grinder. Grinder hits you but does no damage.
You hit Grinder. Grinder hits you but does no damage.
You closely miss Grinder. Grinder hits you but does no damage.
Grinder hits you.
* * * LOW HITPOINT WARNING * * *
You writhe in agony.
* * * LOW HITPOINT WARNING * * *
HP[-5]
You take 5 damage, and now have 14/36 hp.
You hit Grinder.
Grinder says, "Mostly I couldn't keep them alive."
Grinder hits you.
* * * LOW HITPOINT WARNING * * *
You writhe in agony.
* * * LOW HITPOINT WARNING * * *
HP[-8]
You take 8 damage, and now have 6/36 hp.
MASSIVE DAMAGE!! (PAUSE)
You hit Grinder. Grinder gestures at you.
Your stasis prevents you from being paralysed.
Grinder gestures at you.
You barely resist. You closely miss Grinder. You block Grinder's attack.
You hit Grinder.
Grinder blinks!
Grinder says, "Just stop there for a second..."
Grinder gestures at you.
Your stasis prevents you from being paralysed.
Grinder hits you.
* * * LOW HITPOINT WARNING * * *
You writhe in agony.
You die...

Skill      XL: |  1  2  3  4 |
---------------+-------------+-----
Stealth        | 2 3 4 5 |  5.0
Fighting       | |  3.6
Axes           | |  2.0
Armour         | |  3.2
Shields        | |  4.0

Action                   |  1- 3 |  4- 6 || total
-------------------------+-------+-------++-------
Melee: War axe           |   104 |    71 ||   175
Evoke: Wand              |       |     5 ||     5
 Stab: Sleeping          |       |     1 ||     1
Armor: Scale mail        |    55 |    32 ||    87
Dodge: Dodged            |    36 |    33 ||    69
Block: Buckler           |    37 |    17 ||    54

Levels and vault maps discovered:
D:1:      matt_arrival_los_fun, layout_basic, ebering_ecumenical_altar_box,
          minmay_strange_pillars, columned_hall_lemuel, minmay_lizard_king
D:2:      layout_basic, basic_altar, serial_shops, shop_fountains, serial_glass,
          glass_columns_c, glass_columns_a, glass_columns_c, item_on_display_a,
          feat_on_display, minmay_strange_pillars
D:3:      layout_rooms, goddamned_bats, uniq_grinder

Notes
Turn   | Place    | Note
-------+----------+-------------------------------------------
     0 | D:1      | zeratav the Formicid Fighter began the quest for the Orb.
     0 | D:1      | Reached XP level 1. HP: 18/18 MP: 1/1
     0 | D:1      | magus.rc [v1.9.6]
    80 | D:1      | Reached skill level 1 in Stealth
   302 | D:1      | Found a faded altar of an unknown god.
   323 | D:1      | Reached skill level 2 in Stealth
   323 | D:1      | Reached XP level 2. HP: 24/24 MP: 2/2
   848 | D:1      | Reached skill level 3 in Stealth
   932 | D:1      | Reached XP level 3. HP: 29/29 MP: 3/3
  1561 | D:2      | Reached skill level 4 in Stealth
  1680 | D:2      | Reached XP level 4. HP: 35/35 MP: 4/4
  1772 | D:2      | Found Xetughee's Jewellery Shoppe.
  2035 | D:2      | Found a hazy altar of Hepliaklqana.
  2338 | D:3      | Reached skill level 5 in Stealth
  2597 | D:3      | Noticed Grinder
  2624 | D:3      | HP: 6/36 [Grinder (4)]
  2630 | D:3      | HP: 4/36 [Grinder (3)]
  2630 | D:3      | Slain by Grinder

Vanquished Creatures
  2 adders
  8 ball pythons
  5 bats
  8 endoplasms
  4 giant cockroaches
  7 goblins
  3 hobgoblins
  2 jackals (D:2)
  3 quokkas (D:1)
  13 frilled lizards
  A kobold (D:2)
  7 rats
63 creatures vanquished.

Vanquished Creatures (others)
  4 plants (D:1)
4 creatures vanquished.

Grand Total: 67 creatures vanquished

Table legend:
 A = Non-vault XP
 B = Vault XP
 C = Vault XP percentage of total XP
 D = Non-vault monster count
 E = Vault monster count
 F = Vault count percentage of total count
                 A         B        C        D         E       F
            +---------+---------+-------+---------+---------+-------
      Total |     110 |      11 |   9.1 |      52 |      11 |  17.5
            +---------+---------+-------+---------+---------+-------
        D:1 |      36 |      11 |  23.4 |      21 |      11 |  34.4
        D:2 |      44 |       0 |   0.0 |      19 |       0 |   0.0
        D:3 |      30 |       0 |   0.0 |      12 |       0 |   0.0
            +---------+---------+-------+---------+---------+-------

Illustrated notes

Table legend:
 A = Kills in this place as a percentage of kills in entire the game.
 B = Kills by you in this place as a percentage of kills by you in the entire game.
 C = Kills by friends in this place as a percentage of kills by friends in the entire game.
 D = Other kills in this place as a percentage of other kills in the entire game.
 E = Experience gained in this place as a percentage of experience gained in the entire game.
 F = Experience gained in this place divided by the number of levels of this place that you have seen.
                   A       B       C       D       E      F
               +-------+-------+-------+-------+-------+----------------------
         Total | 100.0 | 100.0 |   N/A |   N/A | 100.0 |  40.3
       Dungeon | 100.0 | 100.0 |   N/A |   N/A | 100.0 |  40.3
               +-------+-------+-------+-------+-------+----------------------

Table legend: (Time is in decaauts)
 A = Elapsed time spent in this place.
 B = Non-inter-level travel time spent in this place.
 C = Inter-level travel time spent in this place.
 D = Time resting spent in this place.
 E = Time spent auto-exploring this place.
 F = Levels seen in this place.
 G = Mean time per level.
                   A        B        C        D        E       F      G
               +--------+--------+--------+--------+--------+-----+--------+
         Total |   2705 |   2636 |     69 |     73 |   2095 |   3 |  901.7 |
       Dungeon |   2705 |   2636 |     69 |     73 |   2095 |   3 |  901.7 |
               +--------+--------+--------+--------+--------+-----+--------+

Top non-repeatable levels by time:
     D:1: 1550 daAuts
     D:2: 840 daAuts
     D:3: 314 daAuts
